PCL
VANCOUVER VIPERS @ CALGARY COWBOYS
07/03/2030
 
TOP OF THE 1ST
Vancouver Vipers batting - Pitching for Calgary Cowboys : RHP William Bryan
Pitching: RHP William Bryan
Batting: RHB Steve Bender 0-0: Foul Ball, location: 2F
0-1: Ball
1-1: Ball
2-1: SINGLE (Groundball, 34D)
Batting: SHB Henry Copeland 0-0: Ball
1-0: Ball
2-0: Ball
3-0: Called Strike
3-1: Foul Ball, location: 2F
3-2: Foul Ball, location: 2F
3-2: Strikes out swinging
Batting: LHB Benny Richard 0-0: Called Strike
0-1: Ball
1-1: Called Strike
1-2: Ball
2-2: Foul Ball, location: 2F
2-2: Ball
3-2: SINGLE (Line Drive, 4M)
Steve Bender to second
Batting: RHB Cooper Richard 0-0: Ball
1-0: Swinging Strike
1-1: Fielders Choice at 2nd, 6-4 (Groundball, 6)
Steve Bender to third
Batting: RHB Lorenzo González 0-0: Called Strike
0-1: SINGLE (Flyball, 7S)
Steve Bender scores
Cooper Richard to second
Batting: LHB Nick Gamble 0-0: Ball
1-0: Ball
2-0: Foul Ball, location: 2F
2-1: Ball
Balk!
Cooper Richard to third
Lorenzo González to second
3-1: Called Strike
3-2: Base on Balls
Batting: RHB Ryan Parrish 0-0: Ball
1-0: Ball
2-0: Foul Ball, location: 2F
2-1: Ball
3-1: Swinging Strike
3-2: Foul Ball, location: 2F
3-2: Foul Ball, location: 2F
3-2: Base on Balls
Cooper Richard scores
Lorenzo González to third
Nick Gamble to second
Batting: RHB Horace Johnson 0-0: Foul Ball, location: 2F
0-1: Ball
1-1: Ball
2-1: Ball
3-1: Foul Ball, location: 2F
3-2: Strikes out looking
Top of the 1st over - 2 runs, 3 hits, 0 errors, 3 left on base; Vancouver 2 - Calgary 0
BOTTOM OF THE 1ST
Calgary Cowboys batting - Pitching for Vancouver Vipers : LHP Dennis Morales
Pitching: LHP Dennis Morales
Batting: RHB Don Hooper 0-0: Ball
1-0: Ground out 4-3 (Groundball, 4)
Batting: RHB Luis Ibarra 0-0: Called Strike
0-1: Ball
1-1: Foul Ball, location: 2F
1-2: Ball
2-2: SINGLE (Groundball, 4MD)
Batting: RHB Johnny Hawson 0-0: Called Strike
0-1: Ball
1-1: Foul Ball, location: 2F
1-2: Fly out, F8 (Flyball, 8RD)
Batting: RHB Alfredo Hernández 0-0: Ball
1-0: Fly out, F9 (Line Drive, 9)
Bottom of the 1st over - 0 runs, 1 hit, 0 errors, 1 left on base; Vancouver 2 - Calgary 0
TOP OF THE 2ND
Vancouver Vipers batting - Pitching for Calgary Cowboys : RHP William Bryan
Batting: RHB Jesús Lara 0-0: Foul Ball, location: 2F
0-1: Called Strike
0-2: Ball
1-2: Ball
2-2: Ground out 5-3 (Groundball, 56S)
Batting: RHB Steve Bender 0-0: Ball
1-0: Ball
2-0: Ground out 4-3 (Groundball, 4MD)
Batting: SHB Henry Copeland 0-0: Called Strike
0-1: Swinging Strike
0-2: Ball
1-2: Strikes out swinging
Top of the 2nd over - 0 runs, 0 hits, 0 errors, 0 left on base; Vancouver 2 - Calgary 0
BOTTOM OF THE 2ND
Calgary Cowboys batting - Pitching for Vancouver Vipers : LHP Dennis Morales
Batting: LHB Dave Watt 0-0: Foul Ball, location: 2F
0-1: Swinging Strike
0-2: Ball
1-2: Ball
2-2: Foul Ball, location: 2F
2-2: Strikes out swinging
Batting: RHB Joe Lewis 0-0: SINGLE (Groundball, 34D)
Batting: RHB Ismael Ortíz 0-0: Ball
1-0: Called Strike
1-1: Ball
2-1: Ball
3-1: Base on Balls
Joe Lewis to second
Batting: LHB Anacleto Morillo 0-0: Called Strike
0-1: Ball
1-1: Fielders Choice at 2nd, 4-6 (Groundball, 4)
Joe Lewis to third
Batting: LHB Miguel Pérez 0-0: Foul Ball, location: 2F
0-1: Hit by Pitch
Anacleto Morillo to second
Batting: RHB Don Hooper 0-0: Ground out 4-3 (Groundball, 4)
Bottom of the 2nd over - 0 runs, 1 hit, 0 errors, 3 left on base; Vancouver 2 - Calgary 0
TOP OF THE 3RD
Vancouver Vipers batting - Pitching for Calgary Cowboys : RHP William Bryan
Batting: LHB Benny Richard 0-0: Foul Ball, location: 2F
0-1: SINGLE (Flyball, 9LM)
Batting: RHB Cooper Richard 0-0: Ball
1-0: Foul Ball, location: 2F
1-1: Ball
2-1: Grounds into double play, 6-4-3 (Groundball, 6)
Batting: RHB Lorenzo González 0-0: Foul Ball, location: 2F
0-1: Ball
1-1: Fly out, F5 (Popup, 5SF)
Top of the 3rd over - 0 runs, 1 hit, 0 errors, 0 left on base; Vancouver 2 - Calgary 0
BOTTOM OF THE 3RD
Calgary Cowboys batting - Pitching for Vancouver Vipers : LHP Dennis Morales
Batting: RHB Luis Ibarra 0-0: Swinging Strike
0-1: Called Strike
0-2: Ball
1-2: Ball
2-2: Strikes out looking
Batting: RHB Johnny Hawson 0-0: Swinging Strike
0-1: Swinging Strike
0-2: Ball
1-2: Ball
2-2: Ball
3-2: Strikes out swinging
Batting: RHB Alfredo Hernández 0-0: Called Strike
0-1: Ball
1-1: Called Strike
1-2: Ball
2-2: Ball
3-2: DOUBLE (Flyball, 8RXD)
Batting: LHB Dave Watt 0-0: Swinging Strike
0-1: Ball
1-1: SINGLE (Groundball, 34D)
Alfredo Hernández to third
Runner from 3rd tries for Home, SAFE, no throw
Batting: RHB Joe Lewis 0-0: Ball
1-0: Ball
2-0: Ball
3-0: Called Strike
3-1: Base on Balls
Dave Watt to second
Batting: RHB Ismael Ortíz 0-0: Ball
1-0: Swinging Strike
1-1: Ball
2-1: Ball
3-1: Called Strike
3-2: Base on Balls
Dave Watt to third
Joe Lewis to second
Batting: LHB Anacleto Morillo 0-0: Called Strike
0-1: Foul Ball, location: 2F
0-2: Ball
1-2: Strikes out swinging
Bottom of the 3rd over - 1 run, 2 hits, 0 errors, 3 left on base; Vancouver 2 - Calgary 1
TOP OF THE 4TH
Vancouver Vipers batting - Pitching for Calgary Cowboys : RHP William Bryan
Batting: LHB Nick Gamble 0-0: Swinging Strike
0-1: Ball
1-1: Foul Ball, location: 2F
1-2: Ground out 1-3 (Groundball, 13S)
Batting: RHB Ryan Parrish 0-0: Foul Ball, location: 2F
0-1: Ball
1-1: Foul Ball, location: 2F
1-2: Strikes out swinging
Batting: RHB Horace Johnson 0-0: Ground out 6-3 (Groundball, 6)
Top of the 4th over - 0 runs, 0 hits, 0 errors, 0 left on base; Vancouver 2 - Calgary 1
BOTTOM OF THE 4TH
Calgary Cowboys batting - Pitching for Vancouver Vipers : LHP Dennis Morales
Batting: LHB Miguel Pérez 0-0: Ground out 6-3 (Groundball, 6)
Batting: RHB Don Hooper 0-0: Foul Ball, location: 2F
0-1: Ball
1-1: Foul Ball, location: 2F
1-2: Foul Ball, location: 2F
1-2: Ball
2-2: Ground out 4-3 (Groundball, 4M)
Batting: RHB Luis Ibarra 0-0: Called Strike
0-1: Ball
1-1: Swinging Strike
1-2: Ground out U3 (Groundball, 34)
Bottom of the 4th over - 0 runs, 0 hits, 0 errors, 0 left on base; Vancouver 2 - Calgary 1
TOP OF THE 5TH
Vancouver Vipers batting - Pitching for Calgary Cowboys : RHP William Bryan
Batting: RHB Jesús Lara 0-0: Ball
1-0: Called Strike
1-1: Fly out, F6 (Popup, 4MD)
Batting: RHB Steve Bender 0-0: Foul Ball, location: 2F
0-1: Swinging Strike
0-2: Ball
1-2: Foul Ball, location: 2F
1-2: SINGLE (Groundball, 56D)
Batting: SHB Henry Copeland 0-0: Called Strike
0-1: Ball
1-1: Foul Ball, location: 2F
1-2: Fly out, F9 (Flyball, 9LMF)
Batting: LHB Benny Richard 0-0: Ball
Steve Bender is caught stealing 2nd base
Top of the 5th over - 0 runs, 1 hit, 0 errors, 0 left on base; Vancouver 2 - Calgary 1
BOTTOM OF THE 5TH
Calgary Cowboys batting - Pitching for Vancouver Vipers : LHP Dennis Morales
Batting: RHB Johnny Hawson 0-0: Ball
1-0: Called Strike
1-1: Ball
2-1: Called Strike
2-2: Foul Ball, location: 2F
2-2: Ball
3-2: Foul Ball, location: 2F
3-2: Base on Balls
Batting: RHB Alfredo Hernández 0-0: Ball
1-0: Ball
2-0: Ball
3-0: Base on Balls
Johnny Hawson to second
Batting: LHB Dave Watt 0-0: Called Strike
Throwing error on steal attempt, E2
Johnny Hawson scores
Alfredo Hernández to third
0-1: Swinging Strike
0-2: Foul Ball, location: 2F
0-2: Strikes out swinging
Batting: RHB Joe Lewis 0-0: DOUBLE (Line Drive, 5D)
Alfredo Hernández scores
Batting: RHB Ismael Ortíz 0-0: Intentional Walk
Batting: LHB Anacleto Morillo 0-0: Ball
Passed Ball!
Joe Lewis to third
Ismael Ortíz to second
1-0: Ground out 5-3 (Groundball, 56)
Joe Lewis scores
Batting: LHB Miguel Pérez 0-0: Swinging Strike
0-1: Ball
1-1: Ball
2-1: Ground out 6-3 (Groundball, 6MS)
Bottom of the 5th over - 3 runs, 1 hit, 1 error, 1 left on base; Vancouver 2 - Calgary 4
TOP OF THE 6TH
Vancouver Vipers batting - Pitching for Calgary Cowboys : RHP William Bryan
Batting: LHB Benny Richard 0-0: Called Strike
0-1: Ground out 6-3 (Groundball, 6MS)
Batting: RHB Cooper Richard 0-0: Ball
1-0: Foul Ball, location: 2F
1-1: Ball
2-1: Ball
3-1: Ground out 6-3 (Groundball, 6)
Batting: RHB Lorenzo González 0-0: Ball
1-0: Foul Ball, location: 2F
1-1: Called Strike
1-2: Reached on error, E4 (Groundball, 34)
Batting: LHB Nick Gamble 0-0: Fly out, F7 (Flyball, 7S)
Top of the 6th over - 0 runs, 0 hits, 1 error, 1 left on base; Vancouver 2 - Calgary 4
BOTTOM OF THE 6TH
Calgary Cowboys batting - Pitching for Vancouver Vipers : LHP Dennis Morales
Pitching: RHP Pedro Días
Batting: RHB Don Hooper 0-0: Ground out 3-1 (Groundball, 34)
Batting: RHB Luis Ibarra 0-0: Called Strike
0-1: Ball
1-1: Ball
2-1: Ground out 5-3 (Groundball, 5)
Batting: RHB Johnny Hawson 0-0: Foul Ball, location: 2F
0-1: Ball
1-1: Ball
2-1: Swinging Strike
2-2: Strikes out swinging
Bottom of the 6th over - 0 runs, 0 hits, 0 errors, 0 left on base; Vancouver 2 - Calgary 4
TOP OF THE 7TH
Vancouver Vipers batting - Pitching for Calgary Cowboys : RHP William Bryan
Batting: RHB Ryan Parrish 0-0: Ball
1-0: Foul Ball, location: 2F
1-1: Fly out, F3 (Popup, 3S)
Batting: RHB Horace Johnson 0-0: Ball
1-0: Foul Ball, location: 2F
1-1: Fly out, F9 (Flyball, 9D)
Batting: RHB Jesús Lara 0-0: Ball
1-0: Called Strike
1-1: Foul Ball, location: 2F
1-2: Foul Ball, location: 2F
1-2: Ball
2-2: Strikes out swinging
Top of the 7th over - 0 runs, 0 hits, 0 errors, 0 left on base; Vancouver 2 - Calgary 4
BOTTOM OF THE 7TH
Calgary Cowboys batting - Pitching for Vancouver Vipers : RHP Pedro Días
Batting: RHB Alfredo Hernández 0-0: Ball
1-0: Called Strike
1-1: Swinging Strike
1-2: Foul Ball, location: 2F
1-2: Strikes out looking
Batting: LHB Dave Watt 0-0: Foul Ball, location: 2F
0-1: Ball
1-1: SINGLE (Groundball, 34D)
Batting: RHB Joe Lewis 0-0: Foul Ball, location: 2F
0-1: Swinging Strike
0-2: Foul Ball, location: 2F
0-2: Strikes out looking
Batting: RHB Ismael Ortíz 0-0: Called Strike
0-1: Called Strike
0-2: Ball
1-2: Foul Ball, location: 2F
1-2: Ball
2-2: Ball
3-2: Foul Ball, location: 2F
3-2: Base on Balls
Dave Watt to second
Batting: LHB Anacleto Morillo 0-0: Reached on error, E3 (Groundball, 34S)
Dave Watt to third
Ismael Ortíz to second
Pinch Hitting: LHB Edgar López 0-0: Ball
1-0: GRAND SLAM HOME RUN (Flyball, 9D), Distance : 368 ft
Batting: RHB Don Hooper 0-0: Ball
1-0: Foul Ball, location: 2F
1-1: Fly out, F5 (Line Drive, 5L)
Bottom of the 7th over - 4 runs, 2 hits, 1 error, 0 left on base; Vancouver 2 - Calgary 8
TOP OF THE 8TH
Vancouver Vipers batting - Pitching for Calgary Cowboys : RHP William Bryan
Pitching: RHP José Ramos
Now at SS: Travis Colbert
Now in CF: César Rodríguez
Batting: RHB Steve Bender 0-0: Ball
1-0: SINGLE (Line Drive, 7LM)
Batting: SHB Henry Copeland 0-0: Fly out, F7 (Flyball, 78S)
Batting: LHB Benny Richard 0-0: DOUBLE (Flyball, 89XD)
Steve Bender to third
Runner from 3rd tries for Home, SAFE, no throw
Batting: RHB Cooper Richard Balk!
Benny Richard to third
0-0: Called Strike
0-1: SINGLE (Line Drive, 56D)
Benny Richard scores
Pitching: RHP Esteban Castro
Batting: RHB Lorenzo González 0-0: Foul Ball, location: 2F
0-1: Ball
1-1: Ground out 4-3 (Groundball, 34)
Cooper Richard to second
Batting: LHB Nick Gamble 0-0: Swinging Strike
0-1: Called Strike
0-2: Strikes out swinging
Top of the 8th over - 2 runs, 3 hits, 0 errors, 1 left on base; Vancouver 4 - Calgary 8
BOTTOM OF THE 8TH
Calgary Cowboys batting - Pitching for Vancouver Vipers : RHP Pedro Días
Batting: RHB Luis Ibarra 0-0: Ball
1-0: Called Strike
1-1: SINGLE (Groundball, 34D)
Batting: RHB Johnny Hawson 0-0: Called Strike
0-1: Ball
1-1: Ball
2-1: Ball
3-1: Base on Balls
Luis Ibarra to second
Batting: RHB Alfredo Hernández 0-0: SINGLE (Groundball, 15S) (infield hit)
Luis Ibarra to third
Johnny Hawson to second
Batting: LHB Dave Watt 0-0: Called Strike
0-1: Ball
1-1: Ball
2-1: Foul Ball, location: 2F
2-2: Ball
3-2: Foul Ball, location: 2F
3-2: Grounds into fielders choice 4-2 (Groundball, 4)
Johnny Hawson to third
Alfredo Hernández to second
Batting: RHB Joe Lewis 0-0: Called Strike
0-1: Foul Ball, location: 2F
0-2: Foul Ball, location: 2F
0-2: Foul Ball, location: 2F
0-2: Strikes out swinging
Batting: RHB Ismael Ortíz 0-0: Called Strike
0-1: Fly out, F9 (Flyball, 9LDF)
Bottom of the 8th over - 0 runs, 2 hits, 0 errors, 3 left on base; Vancouver 4 - Calgary 8
TOP OF THE 9TH
Vancouver Vipers batting - Pitching for Calgary Cowboys : RHP Esteban Castro
Batting: RHB Ryan Parrish 0-0: Called Strike
0-1: Ball
1-1: Fly out, F7 (Flyball, 7S)
Batting: RHB Horace Johnson 0-0: Ball
1-0: Called Strike
1-1: Foul Ball, location: 2F
1-2: Strikes out looking
Batting: RHB Jesús Lara 0-0: Ball
1-0: Ball
2-0: Called Strike
2-1: Swinging Strike
2-2: Ground out 5-3 (Groundball, 56S)
Top of the 9th over - 0 runs, 0 hits, 0 errors, 0 left on base; Vancouver 4 - Calgary 8
Saturday, April 7th, 2018 - OOTP Baseball 18.8 Build 76